 Dungeon Crawl Stone Soup version 0.21-a0-71-g5e5ddd2 (webtiles) character file.

2540 minicreteconcrete the Gouger (level 9, -8/36 HPs)
             Began as a Felid Transmuter on June 16, 2017.
             Was an Elder of Dithmenos.
             Mangled by a centaur warrior (14 damage)
             ... on level 9 of the Dungeon on June 19, 2017.
             The game lasted 00:37:45 (15072 turns).

minicreteconcrete the Gouger (Felid Transmuter)    Turns: 15072, Time: 00:37:46

Health: -8/36      AC:  2    Str:  6    XL:     9   Next: 30%
Magic:  18/19      EV: 29    Int: 14    God:    Dithmenos [****..]
Gold:   415        SH:  3    Dex: 24    Spells: 11/20 levels left
                                        Lives:  0   Deaths: 3

rFire    . . .     SeeInvis +     - Unarmed
rCold    + . .     Gourm    .   (shield unavailable)
rNeg     . . .     Faith    .   (armour unavailable)
rPois    .         Spirit   .   (helmet unavailable)
rElec    .         Reflect  +   (cloak unavailable)
rCorr    +         Harm     .   (gloves unavailable)
MR       +....                  (boots unavailable)
Stlth    +++++++...             l - amulet "Patiganaci" {Reflect rPois rC+ SH+3}
HPRegen  0.12/turn              t - ring of resist corrosion
MPRegen  0.16/turn              (no ring)

@: spider-form, wreathed by umbra
A: no armour, no weapons or thrown items, stealth, see invisible, carnivore 3,
dopey 1, slow metabolism 1
a: End Transformation, Shadow Step, Renounce Religion


You were on level 9 of the Dungeon.
You worshipped Dithmenos.
Dithmenos was greatly pleased with you.
You were not hungry.
You were a venomous arachnid creature.
You visited 1 branch of the dungeon, and saw 9 of its levels.

You collected 415 gold pieces.

Inventory:

Missiles
 a - 118 arrows
Jewellery
 l - the amulet "Patiganaci" (around neck) {Reflect rPois rC+ SH+3}
   (You found it on level 4 of the Dungeon)

   [amulet of reflection]

   It shields you and reflects attacks.
   It protects you from cold.
   It protects you from poison.
   It affects your SH (+3).
 t - a ring of resist corrosion (left front leg)
Wands
 d - a wand of polymorph (8/24)
 i - a wand of random effects (48/48)
 m - a wand of digging (4/24)
 u - a wand of confusion (20/48)
 w - a wand of lightning (2/15)
Scrolls
 e - 2 scrolls of recharging
 g - a scroll of amnesia
 j - 4 scrolls of remove curse
 n - 3 scrolls of teleportation
Potions
 h - 3 potions of lignification
 k - 2 potions of agility
 o - 6 potions of flight
 p - a potion of heal wounds {unknown}
 q - 3 potions of brilliance {unknown}
 r - a potion of cancellation {unknown}
 s - 2 potions of curing
 v - a potion of haste {unknown}
 x - a potion of degeneration {unknown}
Books
 b - a book of Changes

   Spells                             Type                      Level
   a - Beastly Appendage              Transmutation                1
   b - Sticks to Snakes               Transmutation                2
   c - Spider Form                    Transmutation/Poison         3
   d - Ice Form                       Ice/Transmutation            4
   e - Blade Hands                    Transmutation                5
Comestibles
 c - 7 meat rations
 f - 4 royal jellies


   Skills:
 + Level 2.1 Fighting
 + Level 7.7 Dodging
 + Level 9.4 Stealth
 + Level 10.0 Unarmed Combat
 - Level 6.1 Spellcasting
 - Level 6.8 Transmutations
 - Level 4.5 Ice Magic


You had 11 spell levels left.
You knew the following spells:

 Your Spells              Type           Power        Failure   Level  Hunger
b - Sticks to Snakes      Tmut           ###.....     6%          2    #......
c - Spider Form           Tmut/Pois      ##........   28%         3    ###....
d - Ice Form              Ice/Tmut       ###.....     34%         4    ####...


Dungeon Overview and Level Annotations

Branches:
Dungeon (9/15)             Temple (0/1) D:7             Orc (0/2) D:9
   Lair: D:8-11

Altars:
Dithmenos
Elyvilon
Vehumet

Shops:
D:4 }(*

Annotations:
D:3 exclusion: player ghost, wazuzu's ghost, amateur DgIE
D:6 Klosterheim's ghost, novice DrTm


Innate Abilities, Weirdness & Mutations

You cannot wear armour.
You are incapable of wielding weapons or throwing items.
Your paws allow you to move quietly. (Stealth)
((You have sharp claws.))
((You have razor-sharp teeth.))
You have supernaturally acute eyesight. (SInv)
You are carnivorous and can eat meat at any time.
((You cover ground quickly.))
((You are covered in thick fur. (AC +2)))
You have a slow metabolism.
((Your sharp claws are effective at attacking unaware monsters.))
You are dopey. (Int -2)


Message History

The centaur warrior is heavily wounded.
The centaur warrior completely misses you.
You bite the centaur warrior!
The centaur warrior looks as sick as possible!
The centaur warrior is severely wounded.
The centaur warrior closely misses you. The centaur warrior hits you!
* * * LOW HITPOINT WARNING * * *
You hit the centaur warrior but do no damage.
The centaur warrior looks as sick as possible!
The centaur warrior is severely wounded.
The centaur warrior barely misses you.
You hit the centaur warrior but do no damage.
The centaur warrior is severely wounded.
Your shadow closely misses the centaur warrior.
The centaur warrior misses you.
You bite the centaur warrior!
The centaur warrior looks as sick as possible!
The centaur warrior is almost dead.
The centaur warrior hits you!
You die...

#...#...#...........#....# #
#...#...#..........†#....## #
#...#...#...........#.....#
#####...#...#+#######...#.....#
#.......#.8.........#...#..)..#
#.......#......8....#.).#.....##
#.......#...%.......#...#......#
#...###+#..)(..c#####...##....##
#...#...........s.......#######
#...#....8......#.......#
#...#.c†.....(8.#.......#### ###
#...#######'#...#..(#####..####.#
#...........#...#...# ##.......
#...........#...#..(# ###.....
#...........#...#...# ##.......
##+######...#####...# ##........
...# #...........####.........


You could see a centaur warrior.

Vanquished Creatures
  Erolcha (D:9)
  A two-headed ogre (D:8)
  Maurice (D:9)
  Prince Ribbit (D:9)
  A hippogriff (D:7)
  5 humans (D:6)
  A wyvern (D:9)
  3 water moccasins
  3 sky beasts
  A black bear (D:7)
  An ice beast (D:5)
  An orc warrior (D:6)
  3 ogres
  A necrophage (D:8)
  2 centaurs
  4 bullfrogs
  3 scorpions
  6 wights
  2 howler monkeys (D:5)
  3 centaur zombies
  A crimson imp (D:5)
  5 hounds
  6 orc priests
  Crazy Yiuf (D:6)
  11 orc wizards
  A bullfrog skeleton (D:8)
  Natasha (thrice) (D:4 D:7)
  2 iguanas
  11 worker ants
  A hound skeleton (D:4)
  A hound zombie (D:7)
  A worker ant zombie (D:7)
  A howler monkey zombie (D:6)
  Robin (D:3)
  A howler monkey skeleton (D:8)
  11 gnolls
  2 river rats (D:5)
  11 adders
  4 shadow imps
  An ooze (D:1)
  An adder skeleton (D:4)
  2 adder zombies (D:5)
  4 worms
  A dart slug (D:2)
  5 leopard geckos
  44 orcs
  3 ball pythons (D:5)
  2 giant cockroaches
  8 hobgoblins
  3 jackals (D:7)
  6 quokkas
  5 bats
  4 frilled lizards
  14 goblins
  7 kobolds
  2 leopard gecko skeletons
  A quokka zombie (D:7)
  8 rats
240 creatures vanquished.

Vanquished Creatures (collateral kills)
  The ghost of Duffy the Skirmisher, an amateur GrFi (D:5)
  A bullfrog zombie (D:5)
  An adder (D:2)
  2 goblins (D:2)
  2 bats (D:2)
  2 frilled lizards (D:2)
  A rat (D:2)
10 creatures vanquished.

Grand Total: 250 creatures vanquished

Notes
Turn   | Place    | Note
-------+----------+-------------------------------------------
     0 | D:1      | minicreteconcrete the Felid Transmuter began the quest for the Orb.
     0 | D:1      | Reached XP level 1. HP: 9/9 MP: 4/4
   108 | D:1      | Reached XP level 2. HP: 12/12 MP: 4/6
   144 | D:1      | Learned a level 2 spell: Sticks to Snakes
   864 | D:1      | Reached skill level 1 in Stealth
  1481 | D:2      | Reached XP level 3. HP: 15/15 MP: 7/7
  1535 | D:2      | Found a shadowy altar of Dithmenos.
  1740 | D:2      | Found a white marble altar of Elyvilon.
  2189 | D:2      | Reached XP level 4. HP: 19/19 MP: 8/8
  2194 | D:2      | Learned a level 3 spell: Spider Form
  3201 | D:3      | Reached XP level 5. HP: 22/22 MP: 10/10
  3350 | D:3      | Noticed wazuzu's ghost (amateur DgIE)
  3664 | D:3      | Noticed Robin
  3843 | D:3      | Killed Robin
  4296 | D:3      | Learned a level 4 spell: Ice Form
  4759 | D:4      | Found Huun's Antique Weapon Shoppe.
  4762 | D:4      | Found Oxim Bax's Gadget Shoppe.
  5019 | D:4      | Noticed Natasha
  5031 | D:4      | Killed Natasha
  5031 | D:4      | Reached skill level 4 in Unarmed Combat
  5031 | D:4      | Reached skill level 1 in Ice Magic
  5038 | D:4      | Gained mutation: You are covered in thick fur. (AC +2) [Felid growth]
  5038 | D:4      | Reached XP level 6. HP: 3/25 MP: 7/11
  5556 | D:4      | Found Pinemn's Assorted Antiques.
  5625 | D:4      | Got an ancient silver amulet
  5711 | D:4      | Identified the amulet "Patiganaci" {Reflect rPois rC+ SH+3} (You found it on level 4 of the Dungeon)
  5796 | D:2      | Became a worshipper of Dithmenos the Shadowed
  5978 | D:5      | Entered Level 5 of the Dungeon
  6294 | D:5      | Reached XP level 7. HP: 21/28 MP: 8/12
  6425 | D:5      | Found a glowing drain.
  6428 | D:5      | Reached skill level 5 in Unarmed Combat
  6434 | D:5      | Noticed Duffy's ghost (amateur GrFi)
  6507 | D:5      | Killed Duffy's ghost
  6923 | D:4      | Reached * piety under Dithmenos
  7030 | D:5      | HP: 1/28 [poisoned by a worker ant]
  7843 | D:5      | Reached XP level 8. HP: 26/32 MP: 11/15
  7975 | D:5      | Found a radiant altar of Vehumet.
  8120 | D:6      | Reached skill level 5 in Transmutations
  8121 | D:6      | Noticed Klosterheim's ghost (novice DrTm)
  8627 | D:6      | Reached skill level 5 in Spellcasting
  8632 | D:6      | Reached ** piety under Dithmenos
  8633 | D:6      | HP: 1/38 [worker ant (4)]
  8643 | D:6      | Slain by a worker ant
  8644 | D:6      | Reached XP level 7. HP: 0/33 MP: 4/15
  8723 | D:6      | Killed a human
  8723 | D:6      | Reached skill level 5 in Dodging
  9092 | D:6      | Killed a human
  9092 | D:6      | Reached skill level 6 in Unarmed Combat
  9092 | D:6      | Reached XP level 8. HP: 33/33 MP: 11/17
  9739 | D:6      | Found a runed door.
  9743 | D:6      | Noticed Crazy Yiuf
  9751 | D:6      | Killed Crazy Yiuf
  9849 | D:6      | Reached skill level 5 in Stealth
 10774 | D:7      | Found a staircase to the Ecumenical Temple.
 10776 | D:7      | Reached XP level 9. HP: 36/36 MP: 17/19
 10847 | D:7      | Reached *** piety under Dithmenos
 10853 | D:7      | HP: 1/36 [orc wizard/magic dart (4)]
 10855 | D:7      | Killed from afar by an orc wizard
 10856 | D:7      | Reached XP level 8. HP: -5/33 MP: 13/18
 10948 | D:7      | Reached skill level 7 in Unarmed Combat
 11125 | D:7      | Noticed a hippogriff
 11147 | D:7      | Killed a hippogriff
 11158 | D:7      | Noticed Natasha
 11163 | D:7      | Killed Natasha
 11256 | D:7      | Noticed Natasha
 11259 | D:7      | Killed Natasha
 12506 | D:8      | Reached XP level 9. HP: 24/36 MP: 15/19
 12666 | D:8      | Noticed a two-headed ogre
 12672 | D:8      | Killed a two-headed ogre
 12672 | D:8      | Reached **** piety under Dithmenos
 12672 | D:8      | Reached skill level 8 in Unarmed Combat
 13383 | D:9      | Gained mutation: You are dopey. (Int -2) [mutagenic meat]
 13627 | D:9      | Noticed Erolcha
 13630 | D:9      | Found a staircase to the Orcish Mines.
 13633 | D:9      | Killed Erolcha
 13633 | D:9      | Reached skill level 9 in Unarmed Combat
 13633 | D:9      | Reached XP level 10. HP: 40/40 MP: 15/20
 14037 | D:9      | Noticed Maurice
 14065 | D:9      | Killed Maurice
 14463 | D:9      | Noticed Prince Ribbit
 14474 | D:9      | Killed Prince Ribbit
 14474 | D:9      | Reached skill level 10 in Unarmed Combat
 15017 | D:9      | Noticed a centaur warrior
 15029 | D:9      | Slain by a centaur warrior
 15030 | D:9      | Reached XP level 9. HP: 0/36 MP: 14/19
 15030 | D:9      | Upgraded the game from 0.21-a0-59-g7b0e191 to 0.21-a0-71-g5e5ddd2
 15072 | D:9      | Mangled by a centaur warrior

Vault maps used:
D:1:      minmay_arrival_open_corners
D:2:      lemuel_doored_altar, serial_bayou_pond_b,
          nicolae_dithmenos_shadow_blocks
D:3:      uniq_robin
D:4:      first_bread, serial_shops, shop, shop, shop, uniq_natasha
D:5:      portal_sewer_entry_c, basic_altar, grunt_decor_one_mirror
D:6:      minmay_misc_feat_ornament, minmay_ruffians, uniq_crazy_yiuf_cottage
D:7:      minmay_temple_entry_junction_2
D:9:      kennysheep_blocky_room, orc_0_dummy, uniq_erolcha, uniq_maurice,
          uniq_prince_ribbit1

Skill      XL: |  1  2  3  4  5  6  7  8  9 10 |
---------------+-------------------------------+-----
Stealth        | 1 2 3 4 7 8 9 |  9.4
Dodging        | 3 4 5 6 7 |  7.7
Transmutations | 3 4 6 |  6.8
Unarmed Combat | 4 6 7 9 10 | 10.0
Ice Magic      | 1 2 4 |  4.5
Spellcasting   | 3 4 6 |  6.1
Fighting       | 2 |  2.1

Action                   |  1- 3 |  4- 6 |  7- 9 | 10-12 || total
-------------------------+-------+-------+-------+-------++-------
Melee: Unarmed           |   123 |   189 |   485 |    80 ||   877
       Headbutt          |     7 |     2 |       |       ||     9
       Punch             |     1 |       |     4 |       ||     5
       Bite              |     6 |     8 |    17 |     1 ||    32
 Cast: Beastly Appendage |    18 |     2 |       |       ||    20
       Sticks to Snakes  |     8 |    10 |    20 |       ||    38
       Spider Form       |       |    17 |    45 |     5 ||    67
       Ice Form          |       |       |    10 |     2 ||    12
Invok: Shadow Step       |       |       |     1 |       ||     1
 Abil: End Transformatio |       |     1 |     2 |       ||     3
Evoke: Wand              |       |       |       |     1 ||     1
  Use: Scroll            |     2 |     9 |     5 |       ||    16
       Potion            |       |       |     2 |       ||     2
 Stab: Sleeping          |     5 |     8 |    23 |     5 ||    41
       Distracted        |     1 |       |     5 |       ||     6
  Eat: Chunk             |    10 |    12 |    31 |     3 ||    56
Armor: Skin              |    10 |     7 |    16 |       ||    33
Dodge: Dodged            |   102 |   139 |   318 |    70 ||   629
Block: Other             |       |     4 |    42 |     5 ||    51
       Reflection        |       |     1 |       |       ||     1
